 Dungeon Crawl Stone Soup version 0.27.0-1-g7a089689b8 (webtiles) character file.

Game seed: 18094982680163619749

61 Thatpatchoflichen the Sneak (level 4, -3/24 HPs)
             Began as a Kobold Enchanter on Aug 3, 2021.
             Killed from afar by Sigmund (10 damage)
             ... with a magic dart
             ... on level 2 of the Dungeon.
             The game lasted 00:10:02 (2228 turns).

Thatpatchoflichen the Sneak (Kobold Enchanter)      Turns: 2228, Time: 00:10:03

Health: -3/24      AC:  6    Str:  5    XL:     4   Next: 27%
Magic:  9/9        EV: 15    Int: 17    God:
Gold:   59         SH:  0    Dex: 15    Spells: 6/9 levels left

rFire    . . .     SeeInvis .   d - +4 whip
rCold    . . .     Faith    .   (shield restricted)
rNeg     . . .     Spirit   .   b - +0 robe
rPois    .         Reflect  .   e - +2 helmet
rElec    .         Harm     .   (no cloak)
rCorr    .         Rampage  .   (no gloves)
Will     .....                  n - +0 pair of boots
Stlth    ++++......             (no amulet)
HPRegen  0.08/turn              (no ring)
MPRegen  0.11/turn              (no ring)

@: no status effects
A: small, no large weapons, nightstalker 3
a: no special abilities


You were on level 2 of the Dungeon.
You visited 1 branch of the dungeon, and saw 2 of its levels.

You collected 59 gold pieces.

Inventory:

Hand Weapons
 a - a +1 dagger
 d - a +4 whip (weapon)
 f - a +0 hunting sling
Armour
 b - a +0 robe (worn)
 c - a +0 leather armour
 e - a +2 helmet (worn)
 m - a +0 ring mail
 n - a +0 pair of boots (worn)
Magical Staves
 h - a staff of cold
Scrolls
 i - a scroll of enchant weapon {unknown}
 o - a scroll of enchant armour {unknown}
Potions
 g - 2 potions of flight {unknown}
 j - a potion of resistance {unknown}
 k - a potion of cancellation {unknown}
 l - a potion of berserk rage {unknown}
 p - a potion of haste {unknown}


   Skills:
 + Level 0.2 Fighting
 - Level 1.3 Short Blades
 + Level 2.5 Dodging
 - Level 4.0 Stealth
 + Level 3.3 Spellcasting
 + Level 3.9 Hexes


You had 6 spell levels left.
You knew the following spells:

 Your Spells              Type           Power      Damage    Failure   Level
a - Corona                Hex            17%        N/A       3%          1
b - Ensorcelled Hibernat  Hex/Ice        18%        N/A       12%         2

Your spell library contained the following spells:

 Spells                   Type           Power      Damage    Failure   Level
 Confusing Touch          Hex            16%        N/A       10%         3
 Tukima's Dance           Hex            16%        N/A       10%         3
 Dazzling Flash           Conj/Hex       18%        N/A       22%         3


Dungeon Overview and Level Annotations

Branches:
Dungeon (2/15)

Altars:

Annotations:
D:2 Sigmund


Innate Abilities, Weirdness & Mutations

You are small and have problems with some larger weapons.
You are completely attuned to the shadows.


Message History

You kill the adder!
Magic restored.
Sigmund the Dreaded comes into view.
He is wielding a +0 scythe.
Okay, then.
d - a +4 whip (weapon)
You see here 7 gold pieces.
The helpless Sigmund fails to defend himself.
You whack Sigmund!
Sigmund is moderately wounded.
Sigmund hits you with a +0 scythe!
You hit Sigmund.
Sigmund is moderately wounded.
Sigmund barely misses you.
You hit Sigmund.
Sigmund is heavily wounded.
Sigmund misses you.
You hit Sigmund.
Sigmund is severely wounded.
Sigmund misses you. Sigmund casts a spell at you. You resist with some effort.
You hit Sigmund but do no damage.
Sigmund is severely wounded.
Sigmund hits you with a +0 scythe.
You hit Sigmund.
Sigmund is almost dead.
Sigmund misses you.
You completely miss Sigmund.
Sigmund is almost dead.
Sigmund gestures wildly while chanting.
Sigmund flickers and vanishes!
Deactivating autopickup; reactivate with Ctrl-A.
You barely miss something. Something hits you but does no damage.
You miss something. Something hits you.
* * * LOW HITPOINT WARNING * * *
You closely miss something.
You hear some strange, mumbled words.
A magic dart appears from out of thin air!
The magic dart hits you!
You die...

.............#..##......##
......###.)...............
.....###...#..#####.##....
.....###.###..##^.........
.........#...............)
...##.######..#...........
... #.# #.....#.........
.. ..# ###.#.###.........
.### #@$.### #......... .#
#{.### ...... ...## ......
####


There were no monsters in sight!

Vanquished Creatures
  2 adders (D:2)
  A dart slug (D:2)
  3 ball pythons
  5 bats (D:1)
  4 endoplasms (D:1)
  2 hobgoblins (D:1)
  3 jackals (D:1)
  A kobold (D:1)
  A quokka (D:1)
  4 frilled lizards
  7 goblins
  9 rats (D:1)
42 creatures vanquished.

Notes
Turn   | Place    | Note
-------+----------+-------------------------------------------
     0 | D:1      | Thatpatchoflichen the Kobold Enchanter began the quest for
                  | the Orb.
     0 | D:1      | Reached XP level 1. HP: 10/10 MP: 3/3
   236 | D:1      | Reached XP level 2. HP: 15/15 MP: 5/5
   249 | D:1      | Learned a level 2 spell: Ensorcelled Hibernation
   512 | D:1      | Found a faded altar of an unknown god.
   724 | D:1      | Reached XP level 3. HP: 18/19 MP: 7/7
  1882 | D:2      | Reached XP level 4. HP: 22/24 MP: 8/8
  2214 | D:2      | Noticed Sigmund
  2228 | D:2      | Killed from afar by Sigmund

Illustrated notes

Levels and vault maps discovered:
D:1:      dpeg_arrival_subterranean_lakeside_camping, layout_basic,
          shapermc_ecumenical_altar_pompeii
D:2:      layout_rooms, basic_altar, grunt_ministairs_7, uniq_sigmund

Skill      XL: |  1  2  3 |
---------------+----------+-----
Spellcasting   | 3 |  3.3
Fighting       | |  0.2
Short Blades   | |  1.3
Dodging        | |  2.5
Stealth        | |  4.0
Hexes          | |  3.9

Action                   |  1- 3 |  4- 6 || total
-------------------------+-------+-------++-------
Melee: Dagger            |     5 |       ||     5
       Whip              |    34 |    10 ||    44
       Staff             |   119 |    27 ||   146
 Cast: Corona            |     4 |       ||     4
       Ensorcelled Hiber |     5 |       ||     5
 Stab: Sleeping          |    18 |     2 ||    20
Armor: Robe              |    54 |    10 ||    64
Dodge: Dodged            |   183 |    28 ||   211
